 Dungeon Crawl Stone Soup version 0.30-a0-953-g5f1da4a474 (webtiles) character file.

Game seed: 14807257420243290842

102 cforsyth the Trooper (level 5, -1/42 HPs)
             Began as a Formicid Fighter on Mar 28, 2023.
             Frozen to death by an endoplasm (3 damage)
             ... on level 3 of the Dungeon.
             The game lasted 00:01:46 (1625 turns).

cforsyth the Trooper (Formicid Fighter)             Turns: 1625, Time: 00:01:46

Health: -1/42      AC:  6    Str: 23    XL:     5   Next: 5%
Magic:  5/5        EV:  9    Int:  7    God:
Gold:   86         SH:  5    Dex: 13    Spells: 4/4 levels left

rFire   . . .      SeeInvis +    a - +0 flail
rCold   . . .      Faith    .    c - +0 buckler
rNeg    . . .      Spirit   .    b - +0 scale mail
rPois   .          Reflect  .    (helmet unavailable)
rElec   .          Rampage  .    (no cloak)
rCorr   .                        (no gloves)
Will    .....                    (no boots) Stlth
                                 (no amulet)
HPRegen 0.27/turn                (no ring)
MPRegen 0.09/turn                (no ring)

@: no status effects
A: permanent stasis, dig shafts and tunnels, antennae 3, four strong arms
a: Dig, Shaft Self


You were on level 3 of the Dungeon.
You visited 1 branch of the dungeon, and saw 3 of its levels.

You collected 86 gold pieces.

Inventory:

Hand Weapons
 a - a +0 flail (weapon)
Armour
 b - a +0 scale mail (worn)
 c - a +0 buckler (worn)
Scrolls
 e - a scroll of magic mapping {unknown}
 h - 2 scrolls of identify {unknown}
 j - a scroll of immolation {unknown}
Potions
 d - a potion of might
 g - a potion of attraction {unknown}
 i - a potion of curing {unknown}
 k - a potion of haste {unknown}


   Skills:
 + Level 4.2 Fighting
 * Level 4.1 Maces & Flails
 - Level 3.2 Armour
 - Level 4.0 Shields


You had 4 spell levels left.
You didn't know any spells.
Your spell library was empty.

Dungeon Overview and Level Annotations

Branches:
Dungeon (3/15)

Altars:
Hepliaklqana


Innate Abilities, Weirdness & Mutations

You cannot be hasted, slowed, berserked, paralysed or teleported.
You can dig through walls and to a lower floor.
You have a pair of large antennae on your head. (SInv)
Your four strong arms can wield two-handed weapons with a shield.


Message History

You are frozen.
The endoplasm freezes you.
You are frozen.
You block the bat's attack. The orc hits you but does no damage. x2
You barely miss the orc.
The orc is severely wounded.
You block the bat's attack. x2; The orc closely misses you.
The endoplasm barely misses you. You block the orc's attack.
You hit the orc.
You kill the orc!
The bat hits you. The bat barely misses you.
The orc hits you but does no damage.
The endoplasm hits you but does no damage.
You hit the orc.
The orc is severely wounded.
The bat hits you but does no damage. You block the bat's attack.
The orc hits you but does no damage.
The orc hits you from afar with a +0 trident.
The endoplasm freezes you.
You are frozen.
You hit the orc.
The orc is almost dead.
The bat hits you but does no damage. x2; The orc hits you with a +0 dagger.
* * * LOW HITPOINT WARNING * * *
The orc hits you from afar with a +0 trident.
* * * LOW HITPOINT WARNING * * *
The endoplasm hits you but does no damage.
You hit the orc but do no damage.
The orc is almost dead.
The bat hits you.
* * * LOW HITPOINT WARNING * * *
The bat barely misses you.
The orc hits you from afar with a +0 trident.
* * * LOW HITPOINT WARNING * * *
The orc hits you but does no damage.
The endoplasm hits you but does no damage.
You block the bat's attack. The endoplasm freezes you.
You are frozen.
You die...

..... ..... ......
...... #......
##.(.....
#bJJ..... #@#
###### #####o#
#....#####..(.o#
##..........$...#
##...≈≈≈≈≈≈≈≈≈.)##
.....§§......≈..#
###....≈≈≈≈≈§§..#
##.≈.≈...≈§§§...
#.≈.≈._.≈.≈.....


You could see 2 orcs, 2 endoplasms and a bat.

Vanquished Creatures
  An orc priest (D:3)
  2 adders (D:2)
  An orc (D:3)
  6 bats
  8 endoplasms
  5 giant cockroaches
  A goblin (D:2)
  4 hobgoblins
  10 kobolds
  A quokka (D:1)
  5 ball pythons
  2 frilled lizards (D:1)
  4 rats
50 creatures vanquished.

Notes
Turn   | Place    | Note
-------+----------+-------------------------------------------
     0 | D:1      | cforsyth the Formicid Fighter began the quest for the Orb.
     0 | D:1      | Reached XP level 1. HP: 18/18 MP: 1/1
    46 | D:1      | Found a faded altar of an unknown god.
   112 | D:1      | Reached XP level 2. HP: 24/24 MP: 2/2
   324 | D:1      | Reached XP level 3. HP: 29/29 MP: 3/3
  1292 | D:2      | Reached XP level 4. HP: 29/37 MP: 4/4
  1591 | D:3      | Found a hazy altar of Hepliaklqana.
  1611 | D:3      | Reached XP level 5. HP: 23/42 MP: 5/5
  1625 | D:3      | HP: 2/42 [orc/+0 trident (3)]
  1625 | D:3      | Frozen to death by an endoplasm

Illustrated notes

Levels and vault maps discovered:
D:1:      minmay_arrival_jagged, layout_basic, basic_ecumenical_altar
D:2:      minmay_kobold_bridge, layout_basic
D:3:      layout_basic, mainiacjoe_overflow_concentric_impassable, serial_shops,
          nicolae_square_shop, roderic_serpentine_path, grunt_ministairs_11,
          serial_bayou_pond_e, nicolae_shop_vocational

Skill      XL: |  1  2  3  4 |
---------------+-------------+-----
Maces & Flails | 3 4 |  4.1
Fighting       | 4 |  4.2
Armour         | |  3.2
Shields        | |  4.0

Action                     |  1- 3 |  4- 6 || total
---------------------------+-------+-------++-------
  Melee: Flail             |   122 |    28 ||   150
    Use: Potion            |       |     1 ||     1
 Armour: Scale mail        |    57 |    20 ||    77
  Dodge: Dodged            |    58 |    16 ||    74
  Block: Buckler           |    25 |    14 ||    39

Table legend: (Time is in decaauts)
 A = Elapsed time spent in this place.
 B = Non-inter-level travel time spent in this place.
 C = Inter-level travel time spent in this place.
 D = Time resting spent in this place.
 E = Time spent auto-exploring this place.
 F = Levels seen in this place.
 G = Mean time per level.
                   A        B        C        D        E       F      G
               +--------+--------+--------+--------+--------+-----+--------+
         Total |   1664 |   1627 |     37 |      0 |   1284 |   3 |  554.7 |
       Dungeon |   1664 |   1627 |     37 |      0 |   1284 |   3 |  554.7 |
               +--------+--------+--------+--------+--------+-----+--------+

Top non-repeatable levels by time:
     D:1: 833 daAuts
     D:2: 665 daAuts
     D:3: 165 daAuts
